 Dungeon Crawl Stone Soup version 0.31-a0-971-g75a2e9a4b4 (webtiles) character file.

Game seed: 2977984987375830283

434737 BinkBink the Wrestler (level 22, 0/358 HPs)
             Began as a Troll Shapeshifter on Oct 28, 2023.
             Was the Champion of Qazlal.
             Slain by a rockslime (37 damage)
             ... on level 2 of the Pits of Slime.
             The game lasted 01:40:45 (42030 turns).

BinkBink the Wrestler (Troll Shapeshifter)         Turns: 42030, Time: 01:40:46

Health: 0/358      AC:  9    Str: 36    XL:     22   Next: 59%
Magic:  18/18      EV: 27    Int:  6    God:    Qazlal [******]
Gold:   6391       SH:  0    Dex: 17    Spells: 21/21 levels left

rFire   + +          .
                       - Unarmed
rCold   x . .        (shield currently unavailable)
rNeg    . . .        v - melded +9 scales of the Dragon King {rPois rF+ rC+ Will+}
rPois   +            U - melded +3 crown of Dyrovepreva {rElec Int+2 SInv}
rElec   .            I - melded +2 cloak {rPois}
rCorr   .            (gloves unavailable)
SInv    .            (boots unavailable)
Will    +....        t - amulet of regeneration
Stlth   +            j - +5 ring of evasion
HPRegen 2.39/turn    V - ring "Mefe" {EV+5 Slay+3}
MPRegen 0.16/turn

%: repel missiles
@: confused, dragon-form, protected from physical damage, corroded, flying,
studying 2 skills
A: dragon claw, dragon scales, breathe fire, flying, boosted hp, giant,
unfitting armour, (claws 3), regeneration 1, (shaggy fur 1), (tough skin 1), low
MP 1, weak 1, inability to drink after injury 1, inability to read after injury
1
}: 3/15 runes: decaying, serpentine, silver
a: Breathe Fire, Begin Untransformation, Renounce Religion, Upheaval, Elemental
Force, Disaster Area


You were on level 2 of the Pits of Slime.
You worshipped Qazlal.
Qazlal was exalted by your worship.
You were a fearsome dragon!
You visited 9 branches of the dungeon, and saw 41 of its levels.
You visited the Abyss 1 time.
You also visited: Sewer, Gauntlet and Ice Cave.

You collected 8493 gold pieces.
You spent 2102 gold pieces at shops.

Inventory:

Armour
 s - a +2 tower shield of reflection
 v - the +9 scales of the Dragon King (melded) {rPois rF+ rC+ Will+}
   (You found it on level 1 of the Snake Pit)

   rF+:       It protects you from fire.
   rC+:       It protects you from cold.
   rPois:     It protects you from poison Will+: It increases your willpower.
 I - a +2 cloak of poison resistance (melded)
 U - the +3 crown of Dyrovepreva (melded) {rElec Int+2 SInv}
   (You acquired it on level 6 of the Dungeon)

   Int+2:     It affects your intelligence (+2).
   rElec:     It insulates you from electricity.
   SInv:      It lets you see invisible.
Jewellery
 j - a +5 ring of evasion (left foreclaw)
 t - an amulet of regeneration (around neck)
 D - a ring of see invisible
 T - the ring "Ivozam" {Fly rC+ Dex+3}
   (You took it off a deep elf zephyrmancer on level 3 of the Elven Halls)

   [ring of flight]

   Dex+3:     It affects your dexterity (+3).
   rC+:       It protects you from cold.
   Fly:       It grants you flight.
 V - the ring "Mefe" (right foreclaw) {EV+5 Slay+3}
   (You took it off a minotaur in a Gauntlet)

   [ring of evasion]

   EV+5:      It affects your evasion (+5).
   Slay+3:    It affects your accuracy & damage with ranged weapons and melee
   (+3).
 Y - the ring "Okaatyug" {Fire rN++ rCorr MP+9 Str-4}
   (You took it off a vault warden on level 5 of the Vaults)

   [ring of fire]

   Fire:      It enhances your fire magic.
   Str-4:     It affects your strength (-4).
   rF+:       It protects you from fire.
   rC-:       It makes you vulnerable to cold.
   rN++:      It greatly protects you from negative energy.
   MP+9:      It affects your magic capacity (+9).
   rCorr:     It protects you from acid and corrosion.
Talismans
 c - a beast talisman
 d - a flux talisman
 l - a blade talisman
 m - a maw talisman
 u - a serpent talisman
 L - a dragon-blood talisman (active)
Wands
 o - a wand of charming (28)
 z - a wand of polymorph (12)
 B - a wand of acid (27)
 C - a wand of mindburst (26)
 K - a wand of flame (131)
 O - a wand of roots (24)
 Q - a wand of digging (12)
Scrolls
 a - a scroll of butterflies
 g - 4 scrolls of poison
 i - 24 scrolls of teleportation
 r - 10 scrolls of enchant weapon
 y - 5 scrolls of amnesia
 A - 20 scrolls of identify
 E - 4 scrolls of fear
 F - 5 scrolls of brand weapon
 H - a scroll of vulnerability
 J - 2 scrolls of immolation
 M - 4 scrolls of silence
 N - 9 scrolls of revelation
 S - 3 scrolls of enchant armour
 W - 4 scrolls of fog
Potions
 b - 9 potions of lignification
 e - a potion of invisibility
 f - a potion of berserk rage
 h - 16 potions of curing
 k - 7 potions of magic
 n - 4 potions of haste
 p - 2 potions of cancellation
 q - 12 potions of enlightenment
 w - 15 potions of mutation
 x - 6 potions of ambrosia
 G - 9 potions of brilliance
 P - 5 potions of might
 Z - 9 potions of heal wounds


   Skills:
 + Level 18.1 Fighting
 + Level 18.1 Dodging
 + Level 21.2 Unarmed Combat
 + Level 19.7 Shapeshifting


You had 21 spell levels left.
You didn't know any spells.
Your spell library contained the following spells:

 Spells                   Type           Power      Damage    Failure   Level
 Foxfire                  Conj/Fire      0%         2x1d4     45%         1
 Freeze                   Ice            0%         1d3       45%         1
 Magic Dart               Conj           0%         1d3       45%         1
 Shock                    Conj/Air       0%         1d3       45%         1
 Slow                     Hex            0%         N/A       45%         1
 Sting                    Tmut/Pois      0%         1d3       45%         1
 Summon Small Mammal      Summ           0%         N/A       45%         1
 Call Imp                 Summ           0%         N/A       58%         2
 Cigotuvi's Dreadful Rot  Necr/Pois/Air  0%         N/A       58%         2
 Ensorcelled Hibernation  Hex/Ice        0%         N/A       58%         2
 Jinxbite                 Hex            0%         N/A       58%         2
 Passwall                 Tmut/Erth      0%         N/A       58%         2
 Poisonous Vapours        Pois/Air       0%         N/A       58%         2
 Sublimation of Blood     Necr           0%         N/A       58%         2
 Wereblood                Tmut           0%         N/A       58%         2
 Call Canine Familiar     Summ           0%         N/A       83%         3
 Confusing Touch          Hex            0%         N/A       83%         3
 Frozen Ramparts          Ice            0%         1d1       83%         3
 Gell's Gravitas          Tloc           0%         N/A       83%         3
 Hailstorm                Conj/Ice       0%         3d3       83%         3
 Ignite Poison            Fire/Tmut/Pois 0%         N/A       83%         3
 Mephitic Cloud           Conj/Pois/Air  0%         N/A       83%         3
 Sigil of Binding         Hex            0%         N/A       83%         3
 Summon Guardian Golem    Hex/Summ       0%         N/A       83%         3
 Swiftness                Air            0%         N/A       83%         3
 Teleport Other           Tloc           0%         N/A       83%         3
 Tukima's Dance           Hex            0%         N/A       83%         3
 Vampiric Draining        Necr           0%         2d6       83%         3
 Airstrike                Air            0%         2d(0-16)  99%         4
 Anguish                  Hex/Necr       0%         N/A       99%         4
 Animate Dead             Necr           0%         N/A       99%         4
 Brom's Barrelling Bould  Conj/Erth      0%         2d3       99%         4
 Dimensional Bullseye     Hex/Tloc       0%         N/A       99%         4
 Dispel Undead            Necr           0%         3d6       99%         4
 Iskenderun's Mystic Bla  Conj/Tloc      0%         2d3       99%         4
 Leda's Liquefaction      Hex/Erth       0%         N/A       99%         4
 Olgreb's Toxic Radiance  Pois           0%         N/A       99%         4
 Passage of Golubria      Tloc           0%         N/A       99%         4
 Petrify                  Tmut/Erth      0%         N/A       99%         4
 Sticky Flame             Conj/Fire      0%         2d3       99%         4
 Summon Ice Beast         Ice/Summ       0%         N/A       99%         4
 Alistair's Intoxication  Tmut/Pois      0%         N/A       100%        5
 Borgnjor's Vile Clutch   Necr/Erth      0%         N/A       100%        5
 Fireball                 Conj/Fire      0%         3d3       100%        5
 Iskenderun's Battlesphe  Conj           0%         2d6       100%        5
 Metabolic Englaciation   Hex/Ice        0%         N/A       100%        5
 Silence                  Hex/Air        0%         N/A       100%        5
 Bombard                  Conj/Erth      0%         9d1       100%        6
 Conjure Ball Lightning   Conj/Air       0%         3x3d6     100%        6
 Death Channel            Necr           0%         N/A       100%        6
 Dispersal                Tloc           0%         N/A       100%        6
 Eringya's Noxious Bog    Tmut/Pois      0%         4d6       100%        6
 Plasma Beam              Fire/Air       0%         2x1d10    100%        6
 Starburst                Conj/Fire      0%         6d3       100%        6
 Summon Cactus Giant      Summ           0%         N/A       100%        6
 Haunt                    Necr/Summ      0%         N/A       100%        7
 Orb of Destruction       Conj           0%         9d5       100%        7
 Ozocubu's Refrigeration  Ice            0%         4d7       100%        7
 Spellforged Servitor     Conj/Summ      0%         N/A       100%        7
 Summon Hydra             Summ           0%         N/A       100%        7
 Discord                  Hex            0%         N/A       100%        8
 Disjunction              Tloc           0%         N/A       100%        8
 Ignition                 Fire           0%         3d3       100%        8
 Infestation              Necr           0%         N/A       100%        8
 Lehudib's Crystal Spear  Conj/Erth      0%         10d2      100%        8
 Chain Lightning          Conj/Air       0%         N/A       100%        9
 Polar Vortex             Ice            0%         N/A       100%        9


Dungeon Overview and Level Annotations

Branches:
Dungeon (15/15)            Temple (1/1) D:7            Lair (5/5) D:11
  Swamp (4/4) Lair:2        Snake (4/4) Lair:3        Slime (2/5) Lair:5
    Orc (2/2) D:9             Elf (3/3) Orc:2        Vaults (5/5) D:14
  Crypt (0/3) Vaults:3     Depths (0/4) D:15          Sewer (visited)
  IceCv (visited)         Gauntlet (visited)

Altars:
Ashenzari
Cheibriados
Dithmenos
Elyvilon
Fedhas
Gozag
Hepliaklqana
Kikubaaqudgha
Makhleb
Nemelex Xobeh
Okawaru
Qazlal
Ru
Sif Muna
Trog
Uskayaw
Vehumet
Wu Jian
Xom
Yredelemnul
Zin
The Shining One
Jiyva

Shops:
D:6 ?   D:7 =:=   D:11 !   Orc:2 *[[(*   Elf:1 (   Snake:1 =   Snake:2 :*(*
Snake:3 *   Snake:4 *=::   Vaults:1 [   Vaults:2 [:


Innate Abilities, Weirdness & Mutations

You are a fearsome dragon!
You have a powerful clawing attack.
Your giant scaled body is strong and resilient, but less evasive.
You can breathe fire.
You are flying.
Your maximum health is greatly increased.
Your armour is entirely melded.
You are incapable of wielding weapons or throwing items.
You are too large for most types of armour.
((You have claws for hands.))
Your natural rate of healing is unusually fast.
((You are covered in fur. (AC +1)))
((You have tough skin. (AC +1)))
Your magical capacity is low. (-10% MP)
You are weak. (Str -2)
You occasionally lose the ability to drink potions when taking damage.
You occasionally lose the ability to read scrolls when taking damage.


Message History

The golden eye blinks!
The slime creature hits you but does no damage.
The slime creature completely misses you.
A slime creature comes into view.
The rockslime jiggles.
The rockslime hits you!!
* * * LOW HITPOINT WARNING * * *
You hold your ground!
The slime creature completely misses you.
You claw the slime creature!
You kill the slime creature!
Qazlal accepts your kill.
The golden eye is engulfed in freezing vapours.
You kill the golden eye!
Qazlal accepts your kill. The slime creature misses you.
The slime creature closely misses you.
You hit the rockslime. You claw the rockslime.
The rockslime is lightly wounded.
The rockslime hits you!!!
* * * LOW HITPOINT WARNING * * *
You feel more protected from physical attacks.
You hold your ground!
A shining eye comes into view.
You're too confused to move!
The rockslime completely misses you.
The slime creature completely misses you.
The slime creature hits you.
* * * LOW HITPOINT WARNING * * *
Two slime creatures merge to form a large slime creature.
You maul the shining eye!!!!
You kill the shining eye!
Qazlal accepts your kill. The rockslime hits you!!!
* * * LOW HITPOINT WARNING * * *
You feel more protected from physical attacks.
You are shoved backwards!
The slime creature hits you!
* * * LOW HITPOINT WARNING * * *
You feel more protected from physical attacks.
The slime creature completely misses you.
You feel much better. The rockslime hits you!!!
You die...

### ##.... .##
#..####...G#...#
....#......#....
................
...........#..<
.#...§○○☼..J....
.....#○JJ.....#.
#.°JDJJ.....
#..○.J........
#...§G°.○....#.
##............#
#.........##.#.
#........... ..
##........... .
......#......


You could see a large slime creature, 5 slime creatures, a rockslime, a shining
eye and a golden eye.

Vanquished Creatures
  2 ancient liches (Vaults:5)
  Mara (Snake:3)
  Boris (twice) (Vaults:2 Vaults:4)
  the Lernaean hydra (Swamp:4)
  Saint Roka (Vaults:3)
  Frederick (Vaults:2)
  Nikola (Elf:2)
  A golden dragon (Vaults:5)
  Norris (Elf:1)
  Rupert (D:12)
  The ghost of tish the Warrior, an adept GrFi of Okawaru (Elf:3)
  2 liches
  2 quicksilver dragons (Vaults:5)
  Asterion (Elf:2)
  The ghost of tish the Force of Nature, an adept GnWn of Fedhas (Elf:3)
  7 deep elf blademasters
  4 deep elf master archers (Elf:3)
  3 titans (Vaults:5)
  2 acid blobs
  3 sphinxes
  An ancient champion (Vaults:3)
  3 shadow dragons (Vaults:5)
  A thorn hunter (Swamp:4)
  Kirke (Snake:1)
  Donald (Elf:2)
  6 tengu reavers
  2 storm dragons
  Aizul (Snake:1)
  4 fire giants
  3 nagarajas (Snake:4)
  6 deep elf sorcerers
  3 frost giants
  14 vault wardens
  The ghost of Caage the Lord of Darkness, a journeyman DsNe of Kikubaaqudgha (Snake:4)
  15 ironbound preservers
  4 orc warlords
  4 stone giants (Vaults:5)
  4 formless jellyfish
  2 war gargoyles
  A reaper (Gauntlet)
  5 ironbound thunderhulks
  3 very ugly things
  4 eleionomae
  21 dire elephants
  A deep elf demonologist (Elf:3)
  3 bunyips
  7 deep elf annihilators
  A minotaur (Gauntlet)
  Snorg (D:10)
  4 ettins (Vaults:5)
  Josephine (D:14)
  The ghost of tish the Thaumaturge, a journeyman GnWn of Gozag (Lair:2)
  6 deep elf death magi
  5 crystal guardians
  5 deep elf high priests
  6 great orbs of eyes
  2 shambling mangroves
  18 yaktaur captains
  2 fire dragons
  2 entropy weavers
  A salamander tyrant (Snake:3)
  Erolcha (D:12)
  21 hydras
  10 ironbound frosthearts
  A great orb of eyes (shapeshifter) (Elf:2)
  3 ogre magi
  6 boulder beetles
  31 vault guards
  3 peacekeepers
  12 alligators
  8 two-headed ogres
  8 anacondas
  26 dancing weapons
  9 centaur warriors
  5 death yaks (Lair:5)
  3 thrashing horrors (Abyss:2)
  A hell hog (Gauntlet)
  4 tengu warriors (D:15)
  15 naga warriors
  10 shock serpents
  18 deep elf knights
  11 naga sharpshooters
  A hell knight (Vaults:5)
  3 orc high priests
  A soul eater (Gauntlet)
  7 skysharks
  Nergalle (D:12)
  A wretched star (Abyss:2)
  A death drake (Swamp:2)
  A spriggan druid (Swamp:4)
  11 skeletal warriors
  11 swamp dragons
  A flayed ghost (Vaults:5)
  9 naga ritualists
  3 salamander mystics
  8 goliath frogs
  11 deep trolls (Vaults:3)
  11 sea snakes
  A bog body (Swamp:1)
  A glowing orange brain (Vaults:4)
  5 harpies (Vaults:3)
  2 arcanists
  3 lindwurms
  24 orc knights
  10 deep elf archers
  26 deep elf pyromancers
  5 phantasmal warriors
  27 deep elf zephyrmancers
  10 ironbound convokers
  An oklob plant (Lair:1)
  2 necromancers
  17 mana vipers
  5 orc sorcerers
  2 shining eyes (Slime:2)
  2 shining eyes (shapeshifter)
  A worldbinder (Abyss:2)
  17 ugly things
  3 cyclopes
  3 manticores
  13 salamanders
  5 will-o-the-wisps
  15 naga magi
  7 elephants
  A moth of wrath (Gauntlet)
  A fire giant skeleton (Vaults:3)
  59 black mambas
  6 guardian serpents (Snake:4)
  2 ice statues (IceCv)
  A black mamba (shapeshifter) (Vaults:2)
  19 vault sentinels
  2 torpor snails
  2 gargoyles
  An eye of devastation (Slime:1)
  A human zombie (Vaults:1)
  8 cane toads
  An efreet (Gauntlet)
  4 freezing wraiths
  4 komodo dragons
  34 yaktaurs
  6 rime drakes
  2 yaktaur skeletons (Vaults:3)
  5 human skeletons
  8 polar bears
  5 trolls
  35 blink frogs
  3 meliai (D:15)
  16 hornets
  An elf zombie (Vaults:1)
  3 raiju (Abyss:2)
  7 tyrant leeches
  Prince Ribbit (Lair:3)
  9 dream sheep
  A culicivora (Vaults:5)
  6 flying skulls (Abyss:2)
  45 slime creatures
  6 air elementals
  2 shadows
  Sigmund (D:3)
  9 wraiths
  20 spriggans
  2 water elementals
  12 wyverns
  2 hogs (Snake:1)
  2 fire bats (Gauntlet)
  47 yaks
  6 basilisks
  4 fire elementals
  A golden eye (Slime:2)
  A human (Snake:1)
  24 vampire mosquitoes
  A redback (Vaults:4)
  2 death yak simulacra (IceCv)
  A chaos spawn (Abyss:2)
  46 nagas
  7 wargs
  5 acid dragons
  12 swamp worms
  6 swamp drakes (Swamp:4)
  A glowing shapeshifter skeleton (Vaults:3)
  11 water moccasins
  7 hell hounds
  An ice beast (D:4)
  41 orc warriors
  A sky beast (D:7)
  11 ogres
  4 black bears
  18 wolves
  5 boggarts (Lair:5)
  8 centaurs
  A phantom (D:4)
  15 bullfrogs
  5 scorpions
  5 earth elementals
  11 wights
  2 elephant simulacra (IceCv)
  The ghost of Zlot the Trooper, a weakling DsBe of Trog (D:3)
  5 howler monkeys
  An electric eel (Lair:1)
  A quasit (Abyss:2)
  23 orc priests
  5 starcursed masses (Abyss:2)
  4 hounds
  A jelly (D:6)
  2 gnoll boudas
  5 iguanas
  Jessica (D:3)
  25 orc wizards
  10 hell rats (Lair:4)
  6 adders
  13 gnolls
  3 shadow imps (Gauntlet)
  2 ufetubi (Abyss:2)
  A worm (D:5)
  A dart slug (D:2)
  94 orcs
  7 bats
  8 endoplasms
  11 giant cockroaches
  11 goblins
  9 hobgoblins
  2 jackals (D:3)
  9 quokkas
  7 ball pythons
  10 frilled lizards
  7 kobolds
  4 rats
  2 spectral weapons (Elf:2)
1664 creatures vanquished.

Vanquished Creatures (others)
  A deep elf annihilator (Elf:3)
  3 deep elf knights
  A deep elf pyromancer (Elf:1)
  4 bloated husks
  A water elemental (Elf:3)
  3 humans (Snake:1)
  A swamp worm (Swamp:1)
  An orc (Vaults:5)
  24 foxfires
39 creatures vanquished.

Grand Total: 1703 creatures vanquished

Notes
Turn   | Place    | Note
-------+----------+-------------------------------------------
     0 | D:1      | BinkBink the Troll Shapeshifter began the quest for the
                  | Orb.
     0 | D:1      | Reached XP level 1. HP: 18/18 MP: 0/0
   121 | D:1      | Reached skill level 1 in Fighting
   132 | D:1      | Reached XP level 2. HP: 16/27 MP: 1/1
   471 | D:1      | Reached XP level 3. HP: 33/33 MP: 2/2
  1729 | D:3      | Noticed Jessica
  1748 | D:3      | Killed Jessica
  1749 | D:3      | Reached XP level 4. HP: 41/42 MP: 3/3
  1763 | D:3      | Found a faded altar of an unknown god.
  1851 | D:3      | Noticed Sigmund
  1871 | D:3      | Killed Sigmund
  1872 | D:3      | Reached skill level 4 in Unarmed Combat
  1872 | D:3      | Reached XP level 5. HP: 50/50 MP: 4/4
  2187 | D:3      | Found a runed translucent gate.
  2188 | D:3      | Found a runed translucent gate.
  2188 | D:3      | Noticed Zlot's ghost (weakling DsBe)
  2189 | D:3      | Found a runed translucent gate.
  2191 | D:3      | Identified the +1 leather armour "Eteil" {rPois Will+
                  | Regen+}
  2505 | D:3      | Reached XP level 6. HP: 21/58 MP: 5/5
  2513 | D:3      | Killed Zlot's ghost
  2717 | D:4      | Found a glowing drain.
  2736 | Sewer    | Entered a sewer
  3102 | Sewer    | Reached XP level 7. HP: 55/66 MP: 6/6
  3672 | D:4      | Reached skill level 5 in Unarmed Combat
  3710 | D:4      | Found an ancient bone altar of Kikubaaqudgha.
  3997 | D:5      | Entered Level 5 of the Dungeon
  4173 | D:5      | Reached skill level 5 in Shapeshifting
  4467 | D:5      | Reached XP level 8. HP: 74/78 MP: 7/7
  4872 | D:6      | Reached skill level 6 in Unarmed Combat
  5097 | D:6      | Found Wipomybo's Magic Scroll Emporium.
  5119 | D:6      | Reached skill level 5 in Dodging
  5412 | D:7      | Reached XP level 9. HP: 87/87 MP: 8/8
  5431 | D:7      | Found Ruwkusto's Jewellery Emporium.
  5433 | D:7      | Found Supnor's Book Emporium.
  5435 | D:7      | Found Ixebamuc's Jewellery Emporium.
  5543 | D:7      | Reached skill level 5 in Fighting
  5817 | D:7      | Found a staircase to the Ecumenical Temple.
  5854 | Temple   | Entered the Ecumenical Temple
  5894 | Temple   | Became a worshipper of Qazlal Stormbringer
  6230 | D:8      | Reached skill level 7 in Unarmed Combat
  7169 | D:9      | Noticed a boulder beetle
  7377 | D:9      | Found a staircase to the Orcish Mines.
  7390 | D:9      | Found a shadowy altar of Dithmenos.
  7392 | D:9      | Found a basalt altar of Yredelemnul.
  7695 | D:9      | Reached * piety under Qazlal
  7937 | D:9      | Found a white marble altar of Elyvilon.
  8075 | D:10     | Entered Level 10 of the Dungeon
  8075 | D:10     | Noticed Snorg
  8153 | D:10     | Noticed a two-headed ogre
  8159 | D:10     | Killed a two-headed ogre
  8160 | D:10     | Reached XP level 10. HP: 53/98 MP: 9/9
  8264 | D:10     | Noticed a two-headed ogre
  8309 | D:10     | Reached skill level 8 in Unarmed Combat
  8321 | D:10     | Killed a two-headed ogre
  8506 | D:10     | Killed Snorg
  8515 | D:10     | Noticed a gargoyle
  8523 | D:10     | Killed a gargoyle
  9319 | D:11     | Reached skill level 9 in Unarmed Combat
  9429 | D:11     | Noticed a gargoyle
  9434 | D:11     | Killed a gargoyle
  9435 | D:11     | Reached XP level 11. HP: 109/109 MP: 10/10
  9472 | D:11     | Noticed a two-headed ogre
  9486 | D:11     | Killed a two-headed ogre
  9520 | D:11     | Reached ** piety under Qazlal
  9800 | D:11     | Found Sudi's Distillery.
  9808 | D:11     | Bought a potion of degeneration for 14 gold pieces
  9942 | D:11     | Noticed a two-headed ogre
  9951 | D:11     | Killed a two-headed ogre
 10149 | D:11     | Found a staircase to the Lair.
 10272 | D:12     | Noticed a skeletal warrior
 10272 | D:12     | Noticed a skeletal warrior
 10272 | D:12     | Noticed a skeletal warrior
 10274 | D:12     | Noticed a green ugly thing
 10283 | D:11     | Killed a skeletal warrior
 10284 | D:11     | Reached skill level 10 in Unarmed Combat
 10409 | D:12     | Noticed Erolcha
 10409 | Abyss:2  | Cast into level 2 of the Abyss (Erolcha)
 10423 | Abyss:2  | Noticed a deep elf pyromancer
 10423 | Abyss:2  | Noticed a deep elf pyromancer
 10424 | Abyss:2  | Found a corrupted altar of Lugonu.
 10502 | Abyss:2  | Noticed a wretched star
 10514 | Abyss:2  | Noticed a thrashing horror
 10515 | Abyss:2  | Killed a wretched star
 10516 | Abyss:2  | Reached XP level 12. HP: 101/122 MP: 11/11
 10537 | Abyss:2  | Reached *** piety under Qazlal
 10600 | Abyss:2  | Noticed a starcursed mass
 10636 | D:12     | Escaped the Abyss
 10643 | D:12     | Killed Erolcha
 10647 | D:12     | Reached skill level 10 in Shapeshifting
 10750 | D:12     | Reached skill level 11 in Unarmed Combat
 10813 | D:12     | Noticed Nergalle
 10823 | D:12     | Killed Nergalle
 10859 | D:12     | Noticed Rupert
 10873 | D:12     | Paralysed by Rupert for 5 turns
 10905 | D:12     | Killed Rupert
 11436 | D:13     | Noticed a centaur warrior
 11444 | D:13     | Killed a centaur warrior
 11456 | D:13     | Noticed a two-headed ogre
 11464 | D:13     | Killed a two-headed ogre
 11468 | D:13     | Reached XP level 13. HP: 128/131 MP: 12/12
 12058 | D:14     | Noticed Josephine
 12068 | D:14     | Killed Josephine
 12073 | D:14     | Reached **** piety under Qazlal
 12157 | D:14     | Noticed a fire dragon
 12167 | D:14     | Killed a fire dragon
 12337 | D:14     | Found a gate to the Vaults.
 12586 | D:14     | Reached skill level 12 in Unarmed Combat
 12727 | D:15     | Entered Level 15 of the Dungeon
 12733 | D:14     | Reached skill level 10 in Dodging
 12988 | Orc:1    | Entered Level 1 of the Orcish Mines
 13053 | Orc:1    | Reached skill level 10 in Fighting
 13493 | Orc:2    | Entered Level 2 of the Orcish Mines
 13493 | Orc:2    | Found Maeh's Assorted Antiques.
 13626 | Orc:2    | Reached ***** piety under Qazlal
 13907 | Orc:2    | Found a staircase to the Elven Halls.
 13958 | Orc:2    | Reached ****** piety under Qazlal
 14088 | Orc:2    | Found Deschyho's Weapon Shoppe.
 14088 | Orc:2    | Found Desiub's Armour Shop.
 14132 | Orc:2    | Found Onocyon's General Store.
 14132 | Orc:2    | Found Owebea Bobu's Antique Armour Shoppe.
 14487 | Lair:1   | Entered Level 1 of the Lair of Beasts
 14526 | Lair:1   | Reached XP level 14. HP: 104/144 MP: 13/13
 14853 | Lair:1   | Reached skill level 13 in Unarmed Combat
 15386 | Lair:2   | Found a gate leading to a gauntlet.
 15399 | Gauntlet | Entered a Gauntlet
 15399 | Gauntlet | Found a transporter.
 15407 | Gauntlet | Found a transporter.
 15410 | Gauntlet | Found a transporter.
 15411 | Gauntlet | Found a transporter.
 15422 | Gauntlet | Found a transporter.
 15423 | Gauntlet | Found a transporter.
 15424 | Gauntlet | Found a transporter.
 15429 | Gauntlet | Noticed a reaper
 15431 | Gauntlet | Found a transporter.
 15434 | Gauntlet | Found a transporter.
 15435 | Gauntlet | Found a transporter.
 15444 | Gauntlet | Found a transporter.
 15446 | Gauntlet | Found a transporter.
 15447 | Gauntlet | Found a transporter.
 15455 | Gauntlet | Found a transporter.
 15612 | Gauntlet | Identified the ring "Zoupo Ose" {Ice Str+2}
 15624 | Gauntlet | Killed a reaper
 15769 | Gauntlet | Identified the +0 mace of Circular Logic {venom, *Slow
                  | rPois rC+ Str+3}
 15769 | Gauntlet | Identified the ring "Mefe" {EV+5 Slay+3}
 15922 | Lair:2   | Noticed tish's ghost (journeyman GnWn)
 15925 | Lair:2   | Found a runed translucent door.
 16003 | Lair:2   | Found a staircase to the Swamp.
 16280 | Lair:2   | Identified the +3 robe of Ricoq {Contam rF+ rN++ Dex+3}
 16756 | Lair:2   | Killed tish's ghost
 16907 | Lair:3   | Noticed Prince Ribbit
 16922 | Lair:3   | Killed Prince Ribbit
 17159 | Lair:3   | Found a staircase to the Snake Pit.
 17434 | Lair:3   | Found a frozen archway.
 17443 | IceCv    | Entered an ice cave
 17473 | IceCv    | Found a transporter.
 17483 | IceCv    | Found a transporter.
 17961 | Lair:4   | Reached XP level 15. HP: 154/154 MP: 14/14
 17976 | Lair:4   | Reached skill level 14 in Unarmed Combat
 18929 | Lair:5   | Entered Level 5 of the Lair of Beasts
 18991 | Lair:5   | Found a staircase to the Slime Pits.
 18998 | Lair:5   | Found a viscous altar of Jiyva.
 20247 | Swamp:1  | Entered Level 1 of the Swamp
 20656 | D:15     | Reached skill level 15 in Unarmed Combat
 20804 | D:15     | Reached XP level 16. HP: 167/167 MP: 15/15
 20805 | D:15     | Found a staircase to the Depths.
 20979 | D:15     | Found an ornate altar of the Wu Jian Council.
 21402 | Orc:2    | Bought a dragon-blood talisman for 1380 gold pieces
 21506 | D:6      | Bought a scroll of butterflies for 48 gold pieces
 21506 | D:6      | Bought a scroll of acquirement for 624 gold pieces
 21506 | D:6      | Bought a scroll of teleportation for 36 gold pieces
 21507 | D:6      | Acquired the +3 crown of Dyrovepreva {rElec Int+2 SInv}
 21507 | D:6      | Found the +3 crown of Dyrovepreva {rElec Int+2 SInv}
 21952 | Vaults:2 | Identified the of Xeenk
 21952 | Vaults:5 | Identified the "Nigawea"
 21952 | Crypt:3  | Identified the of Ypih
 21952 | Crypt:3  | Identified the "Toashrikku"
 21952 | Crypt:3  | Identified the of Mazoarew
 21952 | Depths:2 | Identified the "Mimi"
 21952 | Elf:1    | Entered Level 1 of the Elven Halls
 22327 | Elf:1    | Noticed Norris
 22353 | Elf:1    | Killed Norris
 22441 | Elf:1    | Found Hinkaps's Firing Range.
 22526 | Elf:1    | Paralysed by an air elemental for 1 turns
 23240 | Elf:2    | Gained mutation: You occasionally lose the ability to read
                  | scrolls when taking damage. [a shining eye]
 23303 | Elf:2    | Noticed Asterion
 23318 | Elf:2    | Killed Asterion
 23335 | Elf:2    | Reached skill level 16 in Unarmed Combat
 23546 | Elf:2    | Found a runed translucent gate.
 23547 | Elf:2    | Found a runed translucent gate.
 23547 | Elf:2    | Found a runed translucent gate.
 23689 | Elf:2    | Noticed a deep elf blademaster
 23696 | Elf:2    | Killed a deep elf blademaster
 23747 | Elf:2    | Reached XP level 17. HP: 178/178 MP: 16/16
 24094 | Elf:2    | Reached skill level 15 in Shapeshifting
 24566 | Elf:2    | Noticed Donald
 24583 | Elf:2    | Killed Donald
 25017 | Elf:3    | Identified the of Nulir
 25017 | Elf:3    | Entered Level 3 of the Elven Halls
 25025 | Elf:3    | Paralysed by an air elemental for 1 turns
 25028 | Elf:3    | Paralysed by an air elemental for 1 turns
 25032 | Elf:3    | Paralysed by an air elemental for 1 turns
 25122 | Elf:3    | Noticed a deep elf blademaster
 25134 | Elf:3    | Killed a deep elf blademaster
 25212 | Elf:3    | Found a runed translucent gate.
 25212 | Elf:3    | Found a runed translucent gate.
 25213 | Elf:3    | Found a runed translucent gate.
 25461 | Elf:3    | Paralysed by an air elemental for 1 turns
 25677 | Elf:3    | Noticed tish's ghost (adept GnWn)
 25677 | Elf:3    | Noticed tish's ghost (adept GrFi)
 25810 | Elf:3    | Noticed a deep elf master archer
 25820 | Elf:3    | Noticed a deep elf blademaster
 25832 | Elf:3    | Noticed Nikola
 25838 | Elf:2    | Killed a deep elf blademaster
 25874 | Elf:3    | Noticed a deep elf master archer
 25879 | Elf:3    | Killed a deep elf master archer
 25884 | Elf:3    | HP: 5/199 [Nikola/bolt of lightning (46)]
 26208 | Snake:1  | Entered Level 1 of the Snake Pit
 26208 | Snake:1  | Found the +9 scales of the Dragon King {rPois rF+ rC+
                  | Will+}
 27688 | Elf:2    | Killed Nikola
 27701 | Elf:3    | Killed a deep elf master archer
 27702 | Elf:3    | Reached skill level 17 in Unarmed Combat
 27757 | Elf:3    | Noticed a deep elf blademaster
 27772 | Elf:3    | Killed a deep elf blademaster
 27775 | Elf:3    | Noticed a deep elf blademaster
 27777 | Elf:3    | Reached XP level 18. HP: 186/191 MP: 17/17
 27937 | Elf:3    | Killed tish's ghost
 27945 | Elf:3    | Killed tish's ghost
 28420 | Elf:3    | Identified the +4 scale mail of Pleasant Breezes {rC+ MP+9}
 28422 | Elf:3    | Identified the +5 double sword of the Distant Future
                  | {drain, Str+3 Stlth+}
 28422 | Elf:3    | Identified the ring "Ivozam" {Fly rC+ Dex+3}
 28532 | Elf:3    | Identified the +6 arbalest of Destruction {penet, Int+4
                  | Dex-4}
 28544 | Elf:3    | Identified the +4 buckler of Pathos {Int+4}
 28555 | Elf:3    | Identified the +1 plate armour of Light {-Tele +Inv rElec
                  | Will++}
 29020 | Snake:1  | Identified the serpent talisman of Ahupp {+Blink rN++ Int+3
                  | Dex-5}
 29020 | Snake:1  | Noticed Aizul
 29033 | Snake:1  | Killed Aizul
 29158 | Snake:1  | Noticed Kirke
 29166 | Snake:1  | Killed Kirke
 29411 | Snake:1  | Found Raomupn's One-of-a-Kind Rings.
 29638 | Snake:2  | Reached skill level 15 in Dodging
 29690 | Snake:2  | Reached skill level 15 in Fighting
 30003 | Snake:2  | Found Udduho Lijam's General Store.
 30005 | Snake:2  | Found Fuoreqy's Antique Weapon Emporium.
 30005 | Snake:2  | Found Ceituonn's Assorted Antiques.
 30010 | Snake:2  | Found Udaoson's Book Shoppe.
 30385 | Snake:3  | Reached skill level 18 in Unarmed Combat
 30432 | Snake:3  | Found Kunt's Assorted Antiques.
 30451 | Snake:3  | Noticed Mara
 30453 | Snake:3  | Noticed BinkBink's illusion
 30455 | Snake:3  | Reached XP level 19. HP: 201/201 MP: 18/18
 30643 | Snake:3  | Killed Mara
 30779 | Snake:4  | Entered Level 4 of the Snake Pit
 30779 | Snake:4  | Found Sitah's Overcharged Wands.
 31682 | Snake:4  | Got a serpentine rune of Zot
 31781 | Snake:4  | Found a runed translucent door.
 31786 | Snake:4  | Noticed Caage's ghost (journeyman DsNe)
 31989 | Snake:4  | Found Ceitzer's Book Emporium.
 31991 | Snake:4  | Found Boenun's Jewellery Shop.
 31992 | Snake:4  | Found Teroteymi's Book Emporium.
 32174 | Snake:4  | Killed Caage's ghost
 32433 | Vaults:1 | Entered Level 1 of the Vaults
 32851 | Vaults:1 | Found Zokladun's Antique Armour Shop.
 33802 | Vaults:2 | Reached XP level 20. HP: 213/213 MP: 19/19
 33827 | Vaults:2 | Reached skill level 19 in Unarmed Combat
 34104 | Vaults:2 | Found Farumnulun's Armour Boutique.
 34177 | Vaults:2 | Noticed Frederick
 34194 | Vaults:2 | Killed Frederick
 34576 | Vaults:2 | Identified the +5 dagger of Awkwardness {freeze, Int+5}
 34645 | Vaults:2 | Found Kodaeddi's Book Boutique.
 34660 | Vaults:2 | Noticed Boris
 34667 | Vaults:2 | Killed Boris
 35034 | Vaults:3 | Noticed Saint Roka
 35050 | Vaults:3 | Killed Saint Roka
 36083 | Swamp:3  | Found the +4 Cigotuvi's embrace {Corpsefed rMiasma Drain
                  | rN+}
 36492 | Swamp:4  | Entered Level 4 of the Swamp
 36687 | Swamp:4  | Reached XP level 21. HP: 224/224 MP: 20/20
 36993 | Swamp:4  | Noticed the 27-headed Lernaean hydra
 37005 | Swamp:4  | Killed the 26-headed Lernaean hydra
 37148 | Swamp:4  | Got a decaying rune of Zot
 37425 | Vaults:3 | Reached skill level 20 in Unarmed Combat
 37823 | Vaults:3 | Found a staircase to the Crypt.
 38505 | Vaults:4 | Noticed Boris
 38515 | Vaults:4 | Killed Boris
 39461 | Vaults:4 | Acquired 877 gold pieces
 39498 | Vaults:5 | Entered Level 5 of the Vaults
 39710 | Vaults:5 | Noticed a golden dragon
 39942 | Vaults:5 | Identified the +2 robe "Cyobygof" {Harm rC+}
 39946 | Vaults:5 | Killed a golden dragon
 39949 | Vaults:5 | Identified the +7 battleaxe "Impslayer" {freeze, MP+9}
 39950 | Vaults:5 | Identified the ring "Okaatyug" {Fire rN++ rCorr MP+9 Str-4}
 40032 | Vaults:5 | Reached XP level 22. HP: 112/234 MP: 21/21
 40387 | Vaults:5 | Reached skill level 21 in Unarmed Combat
 40393 | Vaults:5 | Noticed an ancient lich
 40404 | Vaults:5 | Killed an ancient lich
 40476 | Vaults:5 | Got a silver rune of Zot
 40791 | Vaults:5 | Noticed an ancient lich
 40798 | Vaults:5 | Killed an ancient lich
 41865 | Slime:1  | Entered Level 1 of the Pits of Slime
 42011 | Slime:2  | Gained mutation: You occasionally lose the ability to drink
                  | potions when taking damage. [a shining eye]
 42011 | Slime:2  | Gained mutation: You are weak. (Str -2) [a shining eye]
 42016 | Slime:2  | Gained mutation: Your magical capacity is low. (-10% MP) [a
                  | shining eye]
 42029 | Slime:2  | HP: 11/358 [slime creature (8)]
 42030 | Slime:2  | Slain by a rockslime

Illustrated notes

Levels and vault maps discovered:
D:1:      giann_wishing_wells, layout_loops_cross, minmay_misc_feat_rows,
          minmay_tetromino_l4
D:2:      layout_basic, kennysheep_generic_room_13
D:3:      layout_loops_ring, hellmonk_ecumenical_altar_crossroads,
          biasface_ghost_orc_armoury, minmay_goblin_outpost, uniq_sigmund,
          uniq_jessica
D:4:      layout_gridville, mainiacjoe_overflow_six_doors_small,
          gup_sewer_entry_pipe, serial_bayou_pond_c
D:5:      layout_loops_cross
D:6:      layout_layer_cave, serial_shops, shop
D:7:      layout_loops_ring, minmay_temple_entry_glassed_door,
          hangedman_abyss_or_decor_slice, nicolae_shop_distant_corner_stores
D:8:      layout_cave_pools
D:9:      layout_long_grid, mainiacjoe_overflow_brackets,
          chequers_temple_overflow_statue_of_worship,
          minmay_orc_entry_guard_dogs
D:10:     layout_basic, uniq_snorg
D:11:     layout_long_grid, grunt_lair_entry_orc_guard_hut, serial_rivers,
          chequers_serial_rivers_room_b, chequers_serial_rivers_small_b,
          chequers_serial_rivers_micro_b, chequers_serial_rivers_marsh,
          chequers_serial_rivers_large_a, serial_shops, shop
D:12:     layout_roguey, uniq_rupert, uniq_erolcha, uniq_nergalle
D:13:     layout_rooms, drop_trap, nicolae_straight_to_the_point
D:14:     layout_small_grid, erik_vaults_1, uniq_josephine
D:15:     grunt_enter_depths_snipers, layout_irregular_city,
          nicolae_cairo_tiling_large_dashed, minivault_22,
          nicolae_wu_jian_wuxing_cycle
Temple:   regret_index_temple_chain_breaker
Lair:1:   minmay_lair_oklob_chamber, layout_hall_layers,
          nicolae_lair_grazing_beasts [nicolae_sub_lair_graze_edge,
          nicolae_sub_lair_graze_edge, nicolae_sub_lair_graze_edge,
          nicolae_sub_lair_graze_edge]
Lair:2:   dragon1_lemuel, layout_long_grid, swamp_mist_pool,
          gauntlet_entry_generic, hellmonk_ghost_happy_afterlife
Lair:3:   layout_gridlike, guppyfry_snake_entry_island,
          portal_ice_cave_entry_pillars_1, uniq_prince_ribbit2
Lair:4:   layout_layer_cave, special_room [special_room_mythical_zoo],
          worms_lemuel
Lair:5:   minmay_lair_end_enchanted_forest, layout_loops_ring, slime_entry_1,
          enter_volcano_3
Swamp:1:  layout_basic_swamp, nicolae_swamp_tree_designs, swamp_pool3
Swamp:2:  layout_basic_swamp, hangedman_swamp_ruin_hall, swamp_pool2
Swamp:3:  layout_basic_swamp, evilmike_swamp_ruin_house_1,
          infiniplex_staircase_pool_2
Swamp:4:  swamp_old_school, layout_basic_swamp
Snake:1:  layout_gridlike, nicolae_shop_unique_rings, drop_trap, st_stairs_10,
          grunt_megastairs_5, uniq_aizul, uniq_kirke
Snake:2:  nicolae_sea_snake_s, layout_cave_shapes, grunt_megastairs_4,
          minmay_shoptagon
Snake:3:  layout_cave_shapes, serial_shops, shop, uniq_mara
Snake:4:  grunt_snake_rune_pools, layout_cave_town, ebering_ghost_inner_flame,
          nicolae_shop_overcharged_wands, minmay_shop_grove
Slime:1:  layout_caves
Slime:2:  layout_caves, basic_altar
Orc:1:    layout_caves
Orc:2:    st_orc_town, layout_caves, serial_shops, nicolae_shop_crystal
Elf:1:    minmay_elf_arrival_summoners, layout_geoelf_diagonals,
          minmay_elf_crystal_heptagon, nicolae_shop_firing_range, uniq_norris
Elf:2:    nicolae_elf_blades_crystal_corner, layout_gridlike,
          nicolae_elf_glass_and_crystal_pillar_1, uniq_donald, uniq_asterion
Elf:3:    minmay_elf_hall, layout_gridlike, gammafunk_ghost_cemetery,
          nicolae_fountain_basement, uniq_nikola
Vaults:1: nicolae_vaults_trapezoid_lopsided_4, ontoclasm_vaults_tryst,
          v_alt_pattern_3, nicolae_vaults_door_testing_chamber, v_misc_19,
          vaults_mumra_hexcomb, ontoclasm_vaults_ring_square,
          nicolae_vaults_closet_pinwheel_5, vaults_dpeg_cross,
          vaults_room_boxed, ontoclasm_vaults_ring_small,
          vaults_room_guarded_vault, nicolae_vaults_diamond_2,
          vaults_room_hallway, vaults_dpeg_diagonal,
          nicolae_vaults_tetromino_T_2, layout_vaults_big_cross, serial_shops,
          nicolae_shop_tiny_glass
Vaults:2: st_cells, nicolae_vaults_little_squares_4,
          nicolae_vaults_trapezoid_lopsided_1,
          nicolae_vaults_taking_the_gang_shopping, nicolae_vaults_trapezoid_2,
          nicolae_vaults_tetromino_L_2, nicolae_vaults_six-pack,
          hangedman_vaults_slice, nicolae_vaults_house_1,
          nicolae_vaults_house_1, layout_vaults_omnigrid, serial_shops, shop,
          uniq_frederick, uniq_boris
Vaults:3: minmay_orc_keep, v_pattern_1, nicolae_vaults_trapezoid_lopsided_1,
          nicolae_vaults_little_squares_2, minmay_crypt_entry_skeletal_spiral,
          nicolae_vaults_storage_room_doors, v_misc_11, vaults_room_corners,
          nicolae_vaults_closet_pinwheel_3, nicolae_vaults_trapezoid_lopsided_3,
          nicolae_vaults_closet_pinwheel_1, vaults_room_pools,
          nicolae_vaults_trapezoid_lopsided_2, layout_vaults_big_room,
          uniq_saint_roka
Vaults:4: hangedman_vaults_trim, st_cells, nicolae_vaults_closet_pinwheel_5,
          ontoclasm_vaults_ligature, hangedman_vaults_unwind, vaults_dpeg_doors,
          ontoclasm_vaults_claustrophobia, nicolae_vaults_octothorpe,
          v_pattern_4, vaults_mumra_lcd, layout_vaults_maze
Vaults:5: serial_shops

Skill      XL: |  1  2  3  4  5  6  7  8  9 10 11 12 13 14 15 16 17 18 19 20 21 22 |
---------------+-------------------------------------------------------------------+-----
Fighting       | 1 2 3 4 6 7 8 9 10 11 12 13 14 15 16 17 18 | 18.1
Dodging        | 2 3 4 5 6 7 8 9 10 11 12 13 14 15 16 17 18 | 18.1
Unarmed Combat | 4 5 6 7 9 10 11 12 13 15 16 17 18 19 20 21 | 21.2
Shapeshifting  | 4 5 6 7 8 9 10 11 12 13 14 15 16 17 18 19 | 19.7

Action                     |  1- 3 |  4- 6 |  7- 9 | 10-12 | 13-15 | 16-18 | 19-21 | 22-24 || total
---------------------------+-------+-------+-------+-------+-------+-------+-------+-------++-------
  Melee: Unarmed           |    75 |   135 |   260 |   395 |  1075 |  1025 |  1184 |   200 ||  4349
         Punch             |       |     2 |    11 |    26 |       |    64 |   155 |    23 ||   281
         Constrict         |       |       |       |     8 |   233 |   116 |       |       ||   357
         Bite              |       |       |       |       |       |     8 |    58 |    27 ||    93
         Tailslap          |       |       |       |       |       |     8 |    83 |    40 ||   131
Ability: Breathe Fire      |       |       |       |       |       |     1 |     4 |     1 ||     6
    Use: Scroll            |     4 |       |    14 |     5 |     6 |     5 |     5 |     1 ||    40
         Potion            |       |     1 |       |     4 |       |       |     1 |     1 ||     7
   Stab: Sleeping          |     2 |       |     1 |       |       |       |       |       ||     3
         Invisible         |       |       |       |     1 |       |       |       |       ||     1
 Armour: Animal skin       |    36 |    73 |   135 |     3 |       |       |       |       ||   247
         Troll leather arm |       |       |       |   149 |       |       |       |       ||   149
         Skin              |       |       |       |    12 |   434 |   287 |   299 |    88 ||  1120
         Gold dragon scale |       |       |       |       |       |   218 |   404 |       ||   622
  Dodge: Dodged            |    30 |    75 |   148 |   371 |   955 |   715 |   765 |   145 ||  3204
         Repelled          |       |       |       |       |    12 |    28 |    17 |     1 ||    58
  Block: Other             |       |       |       |    29 |   357 |   306 |   333 |    47 ||  1072
   Form: Beast             |     1 |       |       |       |       |     1 |       |       ||     2
         Anaconda          |       |       |       |     1 |       |     2 |       |       ||     3
         Dragon            |       |       |       |       |       |     2 |     1 |       ||     3
         Blade             |       |       |       |       |       |     1 |       |       ||     1

Table legend: (Time is in decaauts)
 A = Elapsed time spent in this place.
 B = Non-inter-level travel time spent in this place.
 C = Inter-level travel time spent in this place.
 D = Time resting spent in this place.
 E = Time spent auto-exploring this place.
 F = Levels seen in this place.
 G = Mean time per level.
                   A        B        C        D        E       F      G
               +--------+--------+--------+--------+--------+-----+--------+
         Total |  40953 |  36832 |   4121 |   4419 |  23758 |  45 |  910.1 |
       Dungeon |  14019 |  12199 |   1820 |   1214 |   8705 |  15 |  934.6 |
        Temple |     60 |      1 |     59 |      0 |      0 |   1 |   60.0 |
          Lair |   5808 |   4958 |    850 |     73 |   3560 |   5 | 1161.6 |
         Swamp |   2691 |   2532 |    159 |    521 |   1597 |   4 |  672.8 |
     Snake Pit |   3255 |   3087 |    168 |    398 |   1893 |   4 |  813.8 |
    Slime Pits |    150 |    132 |     18 |      0 |     95 |   2 |   75.0 |
  Orcish Mines |   1596 |   1270 |    326 |     89 |    841 |   2 |  798.0 |
   Elven Halls |   5098 |   4640 |    458 |   1401 |   1988 |   3 | 1699.3 |
        Vaults |   6968 |   6710 |    258 |    548 |   4549 |   5 | 1393.6 |
         Abyss |    208 |    208 |      0 |     73 |     18 |   1 |  208.0 |
         Sewer |    545 |    545 |      0 |    100 |    203 |   1 |  545.0 |
      Ice Cave |     96 |     96 |      0 |      0 |     23 |   1 |   96.0 |
      Gauntlet |    453 |    453 |      0 |      0 |    286 |   1 |  453.0 |
               +--------+--------+--------+--------+--------+-----+--------+

Top non-repeatable levels by time:
   Elf:2: 2450 daAuts
Vaults:5: 1608 daAuts
   Elf:3: 1518 daAuts
Vaults:4: 1488 daAuts
    D:10: 1446 daAuts
    D:11: 1441 daAuts
  Lair:2: 1414 daAuts
Vaults:3: 1368 daAuts
 Snake:4: 1350 daAuts
Vaults:2: 1280 daAuts
  Lair:4: 1270 daAuts
Vaults:1: 1223 daAuts
  Lair:5: 1176 daAuts
     D:9: 1175 daAuts
   Elf:1: 1129 daAuts
